 Dungeon Crawl Stone Soup version 0.25.0-10-g039870ee82 (webtiles) character file.

Game seed: 17408279747296426263

36087 Delamore the Severer (level 13, -1/124 HPs)
             Began as a Hill Orc Monk on June 23, 2020.
             Was the Champion of Okawaru.
             Slain by a sixfirhy (6 damage)
             ... summoned by an orc sorcerer
             ... on level 2 of the Orcish Mines.
             The game lasted 00:27:30 (20056 turns).

Delamore the Severer (Hill Orc Monk)               Turns: 20056, Time: 00:27:31

Health: -1/124     AC:  7    Str: 18    XL:     13   Next: 88%
Magic:  13/13      EV:  7    Int:  9    God:    Okawaru [******]
Gold:   1659       SH:  0    Dex: 19    Spells: 10/12 levels left

rFire    . . .     SeeInvis .   f - +2 battleaxe of Kycenudu {freeze, +Blink +Fly rC- Dex+3}
rCold    x . .     Gourm    .   (shield currently unavailable)
rNeg     + + .     Faith    +   h - +3 plate armour {MR+}
rPois    +         Spirit   .   T - +1 hat of the Hippo {Dex+2}
rElec    .         Reflect  .   o - +2 ratskin cloak {+Rats rPois rN+ Str-1 Int-1 Dex+1}
rCorr    .         Harm     .   (no gloves)
MR       +++..                  (no boots)
Stlth    ..........             u - amulet of Ferchyec {Faith MR++ Stlth+}
HPRegen  0.30/turn              E - ring of poison resistance
MPRegen  0.13/turn              H - ring of positive energy

@: corroded, studying Hexes, lightly drained
A: no striking features
a: Heroism, Finesse, Renounce Religion, Evoke Blink, Evoke Ratskin, Evoke Flight


You were on level 2 of the Orcish Mines.
You worshipped Okawaru.
Okawaru was exalted by your worship.
You were hungry.

You visited 3 branches of the dungeon, and saw 15 of its levels.

You collected 1703 gold pieces.
You spent 44 gold pieces at shops.

Inventory:

Hand Weapons
 f - the +2 battleaxe of Kycenudu (weapon) {freeze, +Blink +Fly rC- Dex+3}
   (Okawaru gifted it to you on level 12 of the Dungeon)

   It has been specially enchanted to freeze those struck by it, causing extra
   injury to most foes and up to half again as much damage against particularly
   susceptible opponents.
   It can also slow down cold-blooded creatures.
   It affects your dexterity (+3).
   It makes you vulnerable to cold.
   It lets you fly.
   It lets you blink.
 C - a +2 war axe of venom
Missiles
 j - 33 poisoned darts
 x - 3 throwing nets
 D - 3 atropa-tipped darts (quivered)
 M - 14 javelins
Armour
 h - a +3 plate armour of magic resistance (worn)
 o - the +2 ratskin cloak (worn) {+Rats rPois rN+ Str-1 Int-1 Dex+1}
   (You found it on level 5 of the Dungeon)

   It affects your strength (-1).
   It affects your intelligence (-1).
   It affects your dexterity (+1).
   It protects you from poison.
   It protects you from negative energy.
 F - +0 fire dragon scales
 I - the +1 chain mail of the Pits of Slime {rPois rF+ rCorr, unknown}
   (Okawaru gifted it to you on level 2 of the Orcish Mines)

   It protects you from fire.
   It protects you from poison.
   It provides partial protection from all sources of acid and corrosion.
 Q - the +5 chain mail of Tulips {-Cast rElec rPois Str+4}
   (You found it on level 10 of the Dungeon)

   It affects your strength (+4).
   It insulates you from electricity.
   It protects you from poison.
   It prevents spellcasting.
 T - the +1 hat of the Hippo (worn) {Dex+2}
   (Okawaru gifted it to you on level 10 of the Dungeon)

   It affects your dexterity (+2).
 U - a scarf of repulsion
Jewellery
 u - the amulet of Ferchyec (around neck) {Faith MR++ Stlth+}
   (You took it off a tengu warrior on level 10 of the Dungeon)

   [amulet of faith]

   It allows you to gain divine favour quickly.
   It affects your resistance to hostile enchantments.
   It makes you more stealthy.
 E - a ring of poison resistance (left hand)
 H - a ring of positive energy (right hand)
Wands
 a - a wand of flame (60)
 k - a wand of digging (9)
 K - a wand of random effects (20)
 O - a wand of clouds (2)
Scrolls
 e - 3 scrolls of amnesia
 i - a scroll of fear {unknown}
 l - 2 scrolls of fog {unknown}
 p - 3 scrolls of teleportation
 r - 2 scrolls of magic mapping
 s - 2 scrolls of noise
 v - 2 scrolls of enchant weapon
 w - a scroll of blinking {unknown}
 y - 2 scrolls of remove curse
 J - 2 scrolls of enchant armour
 L - 2 scrolls of acquirement {unknown}
 N - a scroll of holy word {unknown}
 S - a scroll of torment {unknown}
 V - a scroll of summoning {unknown}
Potions
 b - a potion of invisibility
 g - a potion of heal wounds
 m - 3 potions of might
 n - 2 potions of brilliance
 q - a potion of cancellation
 t - 3 potions of curing
 z - a potion of degeneration
 A - 2 potions of mutation
 B - a potion of haste
 R - a potion of lignification
Books
 d - a manual of Hexes
Miscellaneous
 P - a phial of floods
Comestibles
 c - 24 rations
 G - 11 chunks of flesh


   Skills:
 - Level 14.2(14.0) Fighting
 + Level 19.6(19.4) Axes
 - Level 12.8(12.6) Armour
 - Level 2.4(2.2) Dodging
 - Level 1.5(1.4) Stealth


You had 10 spell levels left.
You knew the following spells:

 Your Spells              Type           Power        Failure   Level  Hunger
a - Shroud of Golubria    Chrm/Tloc      #.....       100%        2    ###....

Your spell library contained the following spells:

 Spells                   Type           Power        Failure   Level  Hunger
 Infusion                 Chrm           #...         100%        1    ##.....
 Song of Slaying          Chrm           #.......     100%        2    ###....
 Ozocubu's Armour         Chrm/Ice       #.......     100%        3    ####...
 Spectral Weapon          Hex/Chrm       #.......     100%        3    ####...


Dungeon Overview and Level Annotations

Branches:
Dungeon (12/15)            Temple (1/1) D:5            Lair (0/6) D:11
    Orc (2/2) D:12            Elf (0/3) Orc:2

Altars:
Ashenzari
Cheibriados
Dithmenos
Elyvilon
Fedhas
Gozag
Hepliaklqana
Kikubaaqudgha
Makhleb
Nemelex Xobeh
Okawaru
Qazlal
Ru
Sif Muna
Trog
Uskayaw
Vehumet
Wu Jian
Xom
Yredelemnul
Zin
The Shining One

Shops:
D:4 *   Orc:2 :

Annotations:
D:4 1 runed translucent door, Turtleman12345's ghost, novice CeFi
D:11 1 runed translucent door, Ereiziar's ghost, journeyman DsFi


Message History

* * * LOW HITPOINT WARNING * * *
You feel much better. Something hits you but does no damage.
The orc sorcerer hits you but does no damage.
The soul eater draws from the surrounding life force!
* * * LOW HITPOINT WARNING * * *
Okay, then.
There is an open door here.
As you read the scroll labeled DUKIEH TOUCA, it crumbles to dust.
It is a scroll of enchant armour.
Your +2 plate armour of magic resistance glows green for a moment.
The sixfirhy hits you.
* * * LOW HITPOINT WARNING * * *
The sixfirhy shocks you!
* * * LOW HITPOINT WARNING * * *
The sixfirhy hits you.
* * * LOW HITPOINT WARNING * * *
The sixfirhy shocks you!
* * * LOW HITPOINT WARNING * * *
The sixfirhy hits you.
You die...

##... ####.........
##..8###§###..#......
'###....._#§§##.........
..........#§§##.......).
..........8§§##.....##).
≈≈≈....3o)..##......#...
#≈.....3))###..........
#...###3#)#≈##.....#.<. ....
#@....≈##...#..#.. ..
#..8..≈###......#.
#≈..§§§###.....#..
§###############≈..§≈§§##........
≈≈≈≈≈≈≈§§≈≈≈≈≈≈§≈§.≈≈≈≈####......
.........§.....§...≈≈≈≈###.......
......§..§.......§§≈≈§≈##........
#....).8...)..#....≈§≈##........
#≈..#).)§§#..≈#≈..8≈≈###........


You could see a soul eater (summoned), a sixfirhy (summoned) and an orc
sorcerer.

Vanquished Creatures
  An orc warlord (Orc:1)
  Harold (D:8)
  A hydra (D:10)
  4 two-headed ogres
  A centaur warrior (D:12)
  Erica (D:9)
  A tengu warrior (D:10)
  Nergalle (Orc:2)
  A skeletal warrior (D:12)
  2 unseen horrors (D:10)
  5 orc knights
  A deep elf mage (D:12)
  4 ugly things
  2 cyclopes (D:12)
  5 orc sorcerers
  A manticore (D:10)
  2 slime creatures (D:12)
  2 centaur skeletons (D:12)
  A gargoyle (D:12)
  A kobold demonologist (D:12)
  A komodo dragon (D:11)
  5 trolls
  Prince Ribbit (D:7)
  5 hippogriffs
  2 wraiths
  A vampire (D:12)
  15 yaks
  A wyvern (D:10)
  A spriggan (D:7)
  9 hungry ghosts
  2 soldier ants
  2 acid dragons (D:12)
  6 wargs
  A water moccasin (D:11)
  6 sky beasts
  26 orc warriors
  4 ice beasts
  A necrophage (D:10)
  2 hornet zombies
  4 phantoms
  A black bear (D:10)
  An eye of draining (D:11)
  5 centaurs
  12 ogres
  A crocodile (D:12)
  12 bullfrogs
  2 gnoll sergeants
  5 scorpions
  2 water moccasin zombies
  2 troll zombies (D:12)
  8 killer bees
  11 wights
  4 howler monkeys
  8 crimson imps
  A quasit (D:12)
  9 orc priests
  A centaur zombie (D:11)
  6 hounds
  A jelly (D:7)
  24 orc wizards
  4 iguanas
  3 bullfrog skeletons
  9 worker ants
  A hell rat (D:5)
  4 ogre zombies (D:12)
  A hound zombie (D:11)
  2 hound skeletons
  4 gnolls (D:11)
  13 adders
  2 howler monkey skeletons
  6 river rats (D:5)
  3 shadow imps
  An adder skeleton (D:4)
  A dart slug (D:4)
  12 leopard geckos
  78 orcs
  2 ball pythons
  5 giant cockroaches
  3 hobgoblins
  9 jackals
  6 kobolds
  6 quokkas
  3 bats
  5 frilled lizards
  14 goblins
  A goblin skeleton (D:12)
  A goblin zombie (D:12)
  4 hobgoblin skeletons (D:12)
  2 leopard gecko skeletons
  An orc skeleton (D:12)
  12 orc zombies (D:12)
  2 quokka skeletons
  A quokka zombie (D:6)
  19 rats
489 creatures vanquished.

Vanquished Creatures (collateral kills)
  A centaur (D:8)
1 creature vanquished.

Vanquished Creatures (others)
  An orc wizard (Orc:2)
  14 plants (D:11)
15 creatures vanquished.

Grand Total: 505 creatures vanquished

Notes
Turn   | Place    | Note
-------+----------+-------------------------------------------
     0 | D:1      | Delamore the Hill Orc Monk began the quest for the Orb.
     0 | D:1      | Reached XP level 1. HP: 19/19 MP: 1/1
    75 | D:1      | Reached XP level 2. HP: 8/26 MP: 2/2
   384 | D:1      | Reached skill level 5 in Axes
   664 | D:1      | Reached XP level 3. HP: 31/31 MP: 3/3
  1268 | D:2      | Reached skill level 6 in Axes
  1742 | D:3      | Reached XP level 4. HP: 29/39 MP: 2/4
  2676 | D:3      | Reached skill level 7 in Axes
  3193 | D:4      | Noticed an ogre
  3201 | D:4      | Killed an ogre
  3201 | D:4      | Reached skill level 8 in Axes
  3201 | D:4      | Reached XP level 5. HP: 45/45 MP: 5/5
  3224 | D:4      | Found a runed translucent door.
  3246 | D:4      | Noticed Turtleman12345's ghost (novice CeFi)
  3301 | D:4      | Found an ornate altar of the Wu Jian Council.
  3371 | D:4      | Reached XP level 6. HP: 21/51 MP: 3/6
  3659 | D:4      | Reached skill level 9 in Axes
  3755 | D:4      | Found Xoull's Assorted Antiques.
  3766 | D:4      | Bought a scroll labeled KAMY BELINATYEN for 22 gold pieces
  3766 | D:4      | Bought a scroll labeled NUICWU DAAHAJ for 22 gold pieces
  4442 | D:5      | Entered Level 5 of the Dungeon
  4463 | D:5      | Found a staircase to the Ecumenical Temple.
  4471 | Temple   | Entered the Ecumenical Temple
  4652 | D:5      | Reached skill level 10 in Axes
  4652 | D:5      | Reached XP level 7. HP: 40/57 MP: 7/7
  4915 | D:5      | Reached skill level 11 in Axes
  5454 | D:5      | Reached XP level 8. HP: 54/64 MP: 6/8
  5699 | D:5      | Reached skill level 12 in Axes
  5959 | D:5      | You fall into a shaft and drop 1 floor!
  6056 | D:6      | Learned a level 2 spell: Shroud of Golubria
  6393 | D:5      | Found the +2 ratskin cloak {+Rats rPois rN+ Str-1 Int-1
                  | Dex+1}
  6403 | D:5      | Reached skill level 13 in Axes
  6626 | D:6      | Found a white marble altar of Elyvilon.
  6626 | D:6      | Found a glowing golden altar of the Shining One.
  6627 | D:6      | Found a glowing silver altar of Zin.
  6921 | D:6      | Found a sparkling altar of Nemelex Xobeh.
  7211 | D:7      | Noticed a spriggan baker
  7227 | D:7      | Killed a spriggan baker
  7326 | D:7      | Found an iron altar of Okawaru.
  7338 | D:7      | Reached skill level 14 in Axes
  7342 | D:7      | Reached XP level 9. HP: 44/70 MP: 5/9
  7960 | D:8      | Noticed Harold
  8001 | D:8      | Killed Harold
  8001 | D:8      | Reached skill level 15 in Axes
  8003 | D:8      | Reached skill level 16 in Axes
  8317 | D:8      | Found a blossoming altar of Fedhas.
  8320 | D:8      | Found a snail-covered altar of Cheibriados.
  8323 | D:8      | Found a shadowy altar of Dithmenos.
  8361 | D:7      | Became a worshipper of Warmaster Okawaru
  8361 | D:7      | Reached * piety under Okawaru
  8361 | D:7      | Reached ** piety under Okawaru
  8674 | D:7      | Found a stormy altar of Qazlal.
  8707 | D:7      | Noticed Prince Ribbit
  8715 | D:7      | Killed Prince Ribbit
  8883 | D:7      | Found a shattered altar of Ashenzari.
  9267 | D:8      | Reached XP level 10. HP: 77/77 MP: 10/10
  9337 | D:8      | Reached skill level 17 in Axes
  9719 | D:9      | Reached skill level 1 in Armour
 10053 | D:9      | Reached *** piety under Okawaru
 10053 | D:9      | Received a gift from Okawaru
 10053 | D:9      | Reached skill level 5 in Fighting
 10366 | D:9      | Found a shattered altar of Ashenzari.
 10370 | D:9      | Saw a vision of the Shoals and the Spider Nest.
 10370 | D:9      | Noticed a wolf spider
 10386 | D:9      | Noticed Erica
 10405 | D:9      | Killed Erica
 11075 | D:10     | Entered Level 10 of the Dungeon
 11098 | D:10     | Reached skill level 5 in Armour
 11138 | D:10     | Reached **** piety under Okawaru
 11407 | D:10     | Noticed an orc knight
 11407 | D:10     | Noticed a manticore
 11407 | D:10     | Noticed a four-headed hydra
 11408 | D:10     | Identified the amulet of Ferchyec {Faith MR++ Stlth+}
 11408 | D:10     | Noticed a tengu warrior
 11417 | D:10     | Killed an orc knight
 11417 | D:10     | Reached XP level 11. HP: 65/94 MP: 4/11
 11419 | D:10     | Killed a six-headed hydra
 11426 | D:10     | Killed a tengu warrior
 11426 | D:10     | Reached ***** piety under Okawaru
 11432 | D:10     | Killed a manticore
 11713 | D:10     | Got an ichor-stained chain mail
 11724 | D:10     | Identified the +5 chain mail of Tulips {-Cast rElec rPois
                  | Str+4} (You found it on level 10 of the Dungeon)
 11812 | D:10     | Noticed a two-headed ogre
 11819 | D:10     | Killed an unseen horror
 11819 | D:10     | Killed an unseen horror
 11819 | D:10     | Reached skill level 10 in Fighting
 11825 | D:10     | Killed a two-headed ogre
 12325 | D:10     | Noticed a two-headed ogre
 12349 | D:10     | Killed a two-headed ogre
 12349 | D:10     | Reached ****** piety under Okawaru
 12349 | D:10     | Received a gift from Okawaru
 12570 | D:10     | Got a blackened hat {god gift}
 12594 | D:10     | Identified the +1 hat of the Hippo {Dex+2} (Okawaru gifted
                  | it to you on level 10 of the Dungeon)
 13041 | D:11     | Reached XP level 12. HP: 96/110 MP: 12/12
 13105 | D:11     | Reached skill level 10 in Armour
 13221 | D:11     | Noticed a two-headed ogre
 13234 | D:11     | Killed a two-headed ogre
 13881 | D:11     | Found a staircase to the Lair.
 14148 | D:11     | Found a runed translucent door.
 14149 | D:11     | Noticed Ereiziar's ghost (journeyman DsFi)
 14310 | D:12     | Found a staircase to the Orcish Mines.
 14635 | D:12     | Received a gift from Okawaru
 15221 | D:12     | Noticed a two-headed ogre
 15228 | D:12     | Killed a two-headed ogre
 15332 | D:12     | Noticed a centaur warrior
 15341 | D:12     | Killed a centaur warrior
 15934 | D:12     | Reached XP level 13. HP: 106/123 MP: 13/13
 16565 | D:12     | Received a gift from Okawaru
 16566 | D:12     | Got a dazzling battleaxe {god gift}
 16572 | D:12     | Identified the +2 battleaxe of Kycenudu {freeze, +Blink
                  | +Fly rC- Dex+3} (Okawaru gifted it to you on level 12 of
                  | the Dungeon)
 17391 | Orc:1    | Entered Level 1 of the Orcish Mines
 17732 | Orc:1    | Received a gift from Okawaru
 17732 | Orc:1    | Reached skill level 18 in Axes
 18376 | Orc:2    | Entered Level 2 of the Orcish Mines
 18747 | Orc:2    | Noticed an orc warlord
 18867 | Orc:1    | Killed an orc warlord
 19311 | Orc:2    | Reached skill level 19 in Axes
 19726 | Orc:2    | Found a staircase to the Elven Halls.
 19862 | Orc:2    | Received a gift from Okawaru
 19865 | Orc:2    | Got a faintly glowing chain mail {god gift}
 19945 | Orc:2    | Found Zinais's Book Shop.
 20016 | Orc:2    | Found an ancient bone altar of Kikubaaqudgha.
 20016 | Orc:2    | Noticed Nergalle
 20041 | Orc:2    | Killed Nergalle
 20056 | Orc:2    | HP: 5/124 [sixfirhy[an orc sorcerer] (12)]
 20056 | Orc:2    | Slain by a sixfirhy

Illustrated notes

Levels and vault maps discovered:
D:1:      giann_bridges, layout_basic
D:2:      layout_loops_cross, first_ration
D:3:      kb_forest_paths, layout_basic
D:4:      layout_loops_cross, lemuel_crystal_altar, serial_shops, shop,
          ebering_ghost_reflecting_pool
D:5:      wander_guarded_unrand_ratskin, layout_loops_ring,
          minmay_temple_entry_statues_fountains, kennysheep_cross_room
D:6:      layout_loops_ring, good_gods_temple_1, kennysheep_mini
D:7:      layout_basic, kennysheep_little_box, nicolae_overflow_crystal_walls,
          nicolae_overflow_hidden_temple, the_bakery, kennysheep_generic_room_9,
          uniq_prince_ribbit1
D:8:      layout_basic, grunt_temple_overflow_diamond, uniq_harold
D:9:      layout_basic, grunt_ashenzari_visionary
          [grunt_ashenzari_visionary_shoals, grunt_ashenzari_visionary_spider],
          uniq_erica
D:10:     minmay_the_grid_octo_tiled_squarecenter
          [minmay_the_grid_octo_thin_diamonds, minmay_the_grid_octo_toaster,
          minmay_the_grid_octo_clover_2, minmay_the_grid_octo_fan_narrow,
          minmay_the_grid_square_5x5_megaprize_open,
          minmay_the_grid_square_5x5_inner_i, minmay_the_grid_square_5x5_plus,
          minmay_the_grid_square_5x5_misaligned,
          minmay_the_grid_square_5x5_half_checkered], layout_basic
D:11:     layout_loops_ring, david_lair_shrubbed, ebering_ghost_inner_flame,
          hangedman_decor_growths, minivault_25
D:12:     kennysheep_windowed_halls, layout_loops_ring, zombieorc1_lemuel,
          wad_rectangle_vault
Temple:   minmay_freezing_vapour_temple
Orc:1:    layout_caves, abandoned_shop, sword_in_stone
Orc:2:    kennysheep_orc_mage_school, layout_caves

Skill      XL: |  1  2  3  4  5  6  7  8  9 10 11 12 13 |
---------------+----------------------------------------+-----
Axes           | 5 6 8 10 11 14 16 17 19 | 19.6
Fighting       | 8 11 13 14 | 14.2
Armour         | 6 9 12 | 12.8
Dodging        | |  2.4
Stealth        | |  1.5

Action                   |  1- 3 |  4- 6 |  7- 9 | 10-12 | 13-15 || total
-------------------------+-------+-------+-------+-------+-------++-------
Melee: Hand axe          |   104 |   254 |   212 |       |       ||   570
       War axe           |       |       |   180 |   692 |    49 ||   921
       Battleaxe         |       |       |       |       |   281 ||   281
Throw: Dart              |       |     5 |     1 |       |       ||     6
Invok: Heroism           |       |       |       |     1 |       ||     1
 Abil: Evoke Ratskin     |       |       |     4 |     1 |       ||     5
Evoke: Wand              |       |       |       |     2 |       ||     2
  Use: Potion            |       |     1 |     1 |     1 |     6 ||     9
       Scroll            |       |       |       |    18 |     1 ||    19
 Stab: Sleeping          |     5 |     2 |       |       |     8 ||    15
       Invisible         |       |       |       |       |     6 ||     6
  Eat: Chunk             |     3 |     6 |    14 |    24 |     6 ||    53
       Ration            |       |     1 |       |     3 |     3 ||     7
Armor: Robe              |    21 |     7 |       |       |       ||    28
       Chain mail        |       |   105 |   152 |   197 |    72 ||   526
       Fire dragon scale |       |       |    17 |    81 |       ||    98
       Plate armour      |       |       |       |       |    69 ||    69
Dodge: Dodged            |    67 |    65 |    86 |   187 |    82 ||   487
Block: Buckler           |     5 |    23 |    41 |    77 |     2 ||   148
